 Dungeon Crawl Stone Soup version 0.27.0-66-gdc8fb28755 (webtiles) character file.

Game seed: 12713960298590359574

21313 VictoriousLee the Bludgeoner (level 12, -2/62 HPs)
             Began as a Gargoyle Monk on Aug 20, 2021.
             Was an Initiate of Gozag.
             Killed from afar by a wretched star (24 damage)
             ... with a lance of force
             ... on level 2 of the Abyss.
             The game lasted 01:10:06 (14340 turns).

VictoriousLee the Bludgeoner (Gargoyle Monk)       Turns: 14340, Time: 01:10:07

Health: -2/62      AC: 21    Str: 22    XL:     12   Next: 88%
Magic:  9/9        EV: 24    Int: 13    God:    Gozag
Gold:   1961       SH: 11    Dex: 12    Spells: 7/11 levels left

rFire    . . .     SeeInvis .   p - +6 morningstar of the Wolf {freeze, rC+}
rCold    + + +     Faith    .   w - +2 kite shield {reflect}
rNeg     + . .     Spirit   .   e - +1 ring mail {rC+}
rPois    ∞         Reflect  +   k - +1 helmet
rElec    +         Harm     .   (no cloak)
rCorr    .         Rampage  .   M - +0 pair of gloves
Will     .....     Rnd*Rage +   c - +0 pair of boots
Stlth    +.........             t - amulet of the acrobat
HPRegen  0.20/turn              z - +4 ring of slaying
MPRegen  0.11/turn              H - ring of Louvauwoo {rElec rC+ Str+4}

@: gold aura, acrobatic
A: sickness immunity, AC +8, negative energy resistance 1, electricity
resistance, torment resistance 1, petrification resistance, [berserk 2], [frail
2], [low mp 2]
a: Renounce Religion, Potion Petition, Call Merchant, Bribe Branch


You were on level 2 of the Abyss.
You worshipped Gozag.
Gozag was most pleased with you.
You visited 2 branches of the dungeon, and saw 12 of its levels.
You visited the Abyss 1 time.
You also visited: Bailey.

You collected 3419 gold pieces.
You spent 665 gold pieces at shops.
You paid 793 gold pieces to Gozag.

Inventory:

Hand Weapons
 b - a +0 hand crossbow
 f - a +1 flail of holy wrath
 g - a +0 broad axe
 j - a +4 whip
 n - a +0 broad axe
 o - a +0 broad axe
 p - the +6 morningstar of the Wolf (weapon) {freeze, rC+}
   (You bought it in a shop on level 9 of the Dungeon)

   It freezes those it strikes, dealing additional cold damage.
   It can also slow down cold-blooded creatures.
   rC:        It protects you from cold.
 D - the +5 whip of the Whale {vorpal, Drain rElec rF- rN+++}
   (You found it in a bailey)

   It inflicts extra damage upon your enemies.
   rF:        It makes you vulnerable to fire.
   rElec:     It insulates you from electricity.
   rN:        It renders you almost immune to negative energy.
   Drain:     It drains your maximum health when unequipped.
 R - a +0 war axe of freezing
 Z - a +2 vorpal flail
Missiles
 a - a throwing net
 i - 257 stones (quivered)
 m - 35 poisoned darts
 C - 105 bolts
 O - 6 datura-tipped darts
 T - 15 boomerangs
Armour
 c - a +0 pair of boots (worn)
 e - a +1 ring mail of cold resistance (worn)
 h - a +0 chain mail
 k - a +1 helmet (worn)
 q - the +4 plate armour "Motinof" {rF- Will+ MP+9}
   (You took it off an orc on level 8 of the Dungeon)

   rF:        It makes you vulnerable to fire.
   MP:        It affects your magic capacity (+9).
   Will:      It increases your willpower.
 s - a +0 chain mail
 w - a +2 kite shield of reflection (worn)
 M - a +0 pair of gloves (worn)
 U - a +2 buckler
Jewellery
 t - an amulet of the acrobat (around neck)
 z - a +4 ring of slaying (left hand)
 H - the ring of Louvauwoo (right hand) {rElec rC+ Str+4}
   (You found it on level 5 of the Dungeon)

   [ring of protection from cold]

   Str:       It affects your strength (+4).
   rC:        It protects you from cold.
   rElec:     It insulates you from electricity.
 X - a ring of flight
Wands
 d - a wand of mindburst (14)
 E - a wand of digging (3)
 L - a wand of iceblast (18)
Scrolls
 r - a scroll of brand weapon {unknown}
 u - 4 scrolls of amnesia {unknown}
 B - 3 scrolls of magic mapping {unknown}
 G - 3 scrolls of teleportation {unknown}
 K - 4 scrolls of enchant weapon
 V - 3 scrolls of vulnerability {unknown}
 Y - a scroll of blinking
Potions
 l - 9 potions of curing
 v - 7 potions of ambrosia
 x - a potion of might
 A - 3 potions of lignification
 F - a potion of brilliance
 P - 2 potions of flight {unknown}
 Q - a potion of invisibility {unknown}
Miscellaneous
 I - a condenser vane
 J - a phial of floods


   Skills:
 - Level 10.5 Fighting
 * Level 15.8 Maces & Flails
 - Level 7.0 Armour
 - Level 2.6 Dodging
 - Level 2.5 Stealth
 - Level 4.0 Shields
 - Level 5.2 Translocations


You had 7 spell levels left.
You knew the following spells:

 Your Spells              Type           Power      Damage    Failure   Level
a - Passage of Golubria   Tloc           N/A        N/A       93%         4

Your spell library contained the following spells:

 Spells                   Type           Power      Damage    Failure   Level
 Blink                    Tloc           N/A        N/A       34%         2
 Animate Skeleton         Necr           0%         N/A       89%         1
 Corona                   Hex            0%         N/A       89%         1
 Foxfire                  Conj/Fire      0%         2x1d4     89%         1
 Freeze                   Ice            0%         1d3       89%         1
 Pain                     Necr           0%         1d4       89%         1
 Portal Projectile        Hex/Tloc       12%        N/A       90%         3
 Ensorcelled Hibernation  Hex/Ice        0%         N/A       96%         2
 Call Canine Familiar     Summ           0%         N/A       99%         3
 Conjure Flame            Conj/Fire      0%         6-21      99%         3
 Frozen Ramparts          Ice            0%         1d2       99%         3
 Inner Flame              Hex/Fire       0%         N/A       99%         3
 Spider Form              Tmut/Pois      0%         N/A       99%         3
 Tukima's Dance           Hex            0%         N/A       99%         3
 Vampiric Draining        Necr           0%         2d6       99%         3
 Airstrike                Air            0%         N/A       100%        4
 Hailstorm                Conj/Ice       0%         3d3       100%        4
 Ice Form                 Ice/Tmut       0%         N/A       100%        4
 Leda's Liquefaction      Hex/Erth       0%         N/A       100%        4
 Summon Lightning Spire   Summ/Air       0%         N/A       100%        4
 Lightning Bolt           Conj/Air       0%         1d11      100%        5
 Manifold Assault         Tloc           13%        N/A       100%        5
 Silence                  Hex/Air        0%         N/A       100%        5
 Shadow Creatures         Summ           N/A        N/A       100%        6
 Simulacrum               Ice/Necr       0%         N/A       100%        6
 Storm Form               Tmut/Air       0%         N/A       100%        7
 Lehudib's Crystal Spear  Conj/Erth      0%         10d2      100%        8


Dungeon Overview and Level Annotations

Branches:
Dungeon (11/15)            Temple (1/1) D:4            Lair (0/6) D:10
    Orc (0/2) D:9          Bailey (visited)

Altars:
Ashenzari
Cheibriados
Dithmenos
Elyvilon
Fedhas
Gozag
Hepliaklqana
Kikubaaqudgha
Makhleb
Nemelex Xobeh
Okawaru
Qazlal
Ru
Sif Muna
Trog
Uskayaw
Vehumet
Wu Jian
Xom
Yredelemnul
Zin
The Shining One
Beogh

Shops:
D:9 (

Annotations:
D:5 3 runed translucent doors, Calibrex's ghost, novice GnAM
D:11 Erolcha


Innate Abilities, Weirdness & Mutations

You are immune to sickness and miasma.
Your stone body is resilient. (AC +8)
You are immune to poison.
You resist negative energy. (rN+)
You are resistant to electric shocks. (rElec)
You are resistant to unholy torment.
You are immune to petrification.
[You often lose your temper in combat.]
[You are very frail. (-20% HP)]
[Your magical capacity is very low. (-20% MP)]


Message History

A sixfirhy comes into view.
The sixfirhy barely misses you.
The sixfirhy hits you but does no damage.
The sixfirhy hits you. The sixfirhy shocks you. You resist.
You block the sixfirhy's attack.
The wretched star pulses with an eldritch light!
You feel frail. x2
The wretched star pulses with an eldritch light!
You feel a little pissed off.
You feel angry. The sixfirhy hits you. The sixfirhy shocks you. You resist.
You block the sixfirhy's attack.
You impale the sixfirhy!! You freeze the sixfirhy!
The sixfirhy is severely wounded.
The sixfirhy barely misses you. The sixfirhy hits you. The sixfirhy shocks you.
You resist. You block the sixfirhy's attack.
You puncture the sixfirhy! You freeze the sixfirhy.
The sixfirhy is almost dead.
You thump the sixfirhy! You freeze the sixfirhy.
You kill the sixfirhy!
The wretched star pulses with an eldritch light!
You feel less energetic. x2
You see here 7 gold pieces.
You puncture the wretched star! You freeze the wretched star.
The wretched star is moderately damaged.
The wretched star glows turbulently.
The lance of force hits you!!
You are knocked back by the lance of force.
You slam into the metal wall!
You impale the wretched star!! You freeze the wretched star.
The wretched star is severely damaged.
You barely miss the wretched star.
The wretched star is severely damaged.
The wretched star glows turbulently.
The lance of force hits you.
You are knocked back by the lance of force.
You slam into the metal wall!
The wretched star glows turbulently.
The lance of force hits you!!
You die...
Your body crumbles into a pile of gold.

..# . ##.#
.#### ...#..###
# #.#§#.####...
..#§*#.#......#
.#. .#...#. §
##....#..#...
.. #.# ##
..#.#.# #
#.###..... .#.
##@.#......## .
#...#....# #
#..##*#.#.. #
##.#.#..###...
#.# #..... ..
#### #.......#
# .....##
#..... #.##.


You could see a wretched star.

Vanquished Creatures
  3 boulder beetles
  Erica (D:7)
  2 two-headed ogres
  2 tengu warriors
  A sixfirhy (Abyss:2)
  A glowing orange brain (Abyss:2)
  2 orc knights (Bailey)
  An orb spider (Abyss:2)
  A cyclops (D:11)
  An elephant (shapeshifter) (D:10)
  An efreet (Abyss:2)
  2 kobold demonologists (Bailey)
  A tengu conjurer (D:11)
  An ice devil (Abyss:2)
  3 trolls
  An ancient zyme (Abyss:2)
  A queen bee (D:9)
  Prince Ribbit (D:9)
  4 ynoxinuls (Abyss:2)
  Sigmund (D:5)
  A large abomination (Abyss:2)
  A shadow (D:9)
  A wyvern (D:11)
  12 yaks
  2 wraiths
  3 acid dragons
  An ice beast (D:7)
  A sky beast (D:7)
  5 black bears
  11 orc warriors
  A necrophage (D:3)
  3 ogres
  2 phantoms
  8 centaurs
  2 kobold brigands (D:8)
  8 bullfrogs
  5 gnoll sergeants
  2 scorpions
  A small abomination (Abyss:2)
  2 wyvern skeletons (D:6)
  25 killer bees (D:9)
  4 wights (D:8)
  9 electric eels
  7 howler monkeys
  A centaur zombie (D:7)
  A bullfrog zombie (D:5)
  2 hounds
  6 orc priests
  A centaur skeleton (D:3)
  2 jellies
  A bullfrog skeleton (D:6)
  A scorpion zombie (D:5)
  3 iguanas
  4 orc wizards
  2 hound skeletons (D:4)
  2 howler monkey zombies
  6 adders
  27 gnolls
  2 shadow imps (D:6)
  2 white imps (D:6)
  2 ufetubi
  2 worms (D:2)
  2 dart slugs (D:3)
  38 orcs
  6 endoplasms
  3 giant cockroaches
  17 goblins
  10 hobgoblins
  10 jackals
  2 quokkas
  11 ball pythons
  8 bats
  4 frilled lizards
  17 kobolds
  2 rats
345 creatures vanquished.

Vanquished Creatures (others)
  A hobgoblin (Bailey)
  A quokka (D:10)
  20 fungi
  56 plants
78 creatures vanquished.

Grand Total: 423 creatures vanquished

Notes
Turn   | Place    | Note
-------+----------+-------------------------------------------
     0 | D:1      | VictoriousLee the Gargoyle Monk began the quest for the
                  | Orb.
     0 | D:1      | Reached XP level 1. HP: 14/14 MP: 1/1
   400 | D:1      | Reached XP level 2. HP: 12/19 MP: 2/2
  1435 | D:1      | Reached XP level 3. HP: 24/24 MP: 3/3
  2012 | D:2      | Reached skill level 1 in Shields
  2080 | D:2      | Reached XP level 4. HP: 27/29 MP: 4/4
  2537 | D:3      | Found a hide-covered altar of Uskayaw.
  2543 | D:3      | Reached skill level 4 in Maces & Flails
  2954 | D:3      | Reached XP level 5. HP: 26/33 MP: 5/5
  3294 | D:3      | Noticed a necrophage
  3315 | D:3      | Killed a necrophage
  3316 | D:3      | Reached XP level 6. HP: 35/38 MP: 6/6
  3351 | D:3      | Reached skill level 5 in Maces & Flails
  3567 | D:4      | Found a staircase to the Ecumenical Temple.
  3585 | Temple   | Entered the Ecumenical Temple
  4051 | D:4      | Reached skill level 6 in Maces & Flails
  4065 | D:4      | Reached XP level 7. HP: 33/42 MP: 7/7
  4314 | D:4      | Reached skill level 7 in Maces & Flails
  4634 | Temple   | Became a worshipper of Gozag Ym Sagoz the Greedy
  4657 | D:5      | Entered Level 5 of the Dungeon
  4828 | D:5      | Identified the ring of Louvauwoo {rElec rC+ Str+4}
  4939 | D:5      | Noticed Sigmund
  4950 | D:5      | Killed Sigmund
  5072 | D:5      | Found a runed translucent gate.
  5073 | D:5      | Found a runed translucent gate.
  5074 | D:5      | Found a runed translucent gate.
  5078 | D:5      | Noticed Calibrex's ghost (novice GnAM)
  5118 | D:5      | Reached skill level 8 in Maces & Flails
  5118 | D:5      | Reached XP level 8. HP: 48/48 MP: 8/8
  5225 | D:5      | Noticed a troll
  5236 | D:5      | Killed a troll
  5237 | D:5      | Reached skill level 9 in Maces & Flails
  5681 | D:6      | Reached skill level 10 in Maces & Flails
  5801 | D:6      | Noticed a wraith
  5818 | D:6      | Reached XP level 9. HP: 24/52 MP: 9/9
  6073 | D:6      | Reached skill level 11 in Maces & Flails
  7567 | D:7      | Reached skill level 12 in Maces & Flails
  7567 | D:7      | Reached skill level 1 in Armour
  7581 | D:7      | Identified the +6 rapier of Jul Pey {drain, Will+ Dex+4}
  7860 | D:7      | Noticed an angel
  7862 | D:7      | Found a glowing silver altar of Zin.
  8234 | D:8      | Noticed Erica
  8245 | D:8      | Reached skill level 5 in Fighting
  8264 | D:7      | Killed Erica
  8265 | D:7      | Reached XP level 10. HP: 24/60 MP: 10/10
  8460 | D:7      | Reached skill level 5 in Armour
  8462 | D:8      | Noticed a two-headed ogre
  8487 | D:7      | Killed a two-headed ogre
  9096 | D:8      | Identified the +4 plate armour "Motinof" {rF- Will+ MP+9}
  9147 | D:8      | Found a broken altar of Ashenzari.
  9470 | D:9      | Found a radiant altar of Vehumet.
  9470 | D:9      | Noticed Prince Ribbit
  9637 | D:9      | Found a bloodstained altar of Trog.
 10025 | D:9      | Found Wecitsit's Weapon Boutique.
 10073 | D:9      | Bought the +6 morningstar of the Wolf {freeze, rC+} for 665
                  | gold pieces
 10237 | D:9      | Reached XP level 11. HP: 57/71 MP: 11/11
 10273 | D:9      | Reached skill level 10 in Fighting
 10556 | D:9      | Found a staircase to the Orcish Mines.
 10584 | D:9      | Learned a level 4 spell: Passage of Golubria
 10632 | D:9      | Reached skill level 1 in Translocations
 10662 | D:9      | Killed Prince Ribbit
 10929 | D:9      | Noticed a two-headed ogre
 10958 | D:9      | Killed a two-headed ogre
 11419 | D:10     | Entered Level 10 of the Dungeon
 11513 | D:10     | Found a white marble altar of Elyvilon.
 11535 | D:10     | Reached skill level 13 in Maces & Flails
 11669 | D:10     | Found an iron altar of Okawaru.
 11940 | D:10     | Found a flagged portal.
 11980 | D:10     | Found a staircase to the Lair.
 12045 | Bailey   | Entered a bailey
 12113 | Bailey   | Found an iron altar of Okawaru.
 12113 | Bailey   | Noticed an orc knight
 12132 | Bailey   | Killed an orc knight
 12399 | Bailey   | Reached XP level 12. HP: 73/78 MP: 12/12
 12429 | Bailey   | Acquired 718 gold pieces
 12489 | Bailey   | Identified the +5 whip of the Whale {vorpal, Drain rElec
                  | rF- rN+++}
 13070 | D:10     | Noticed a boulder beetle
 13083 | D:10     | Killed a boulder beetle
 13538 | D:11     | Noticed a tengu warrior
 13559 | D:11     | Reached skill level 14 in Maces & Flails
 13559 | D:11     | Reached skill level 5 in Translocations
 13568 | D:10     | Killed a tengu warrior
 13665 | D:11     | Noticed a boulder beetle
 13685 | D:11     | Killed a boulder beetle
 13908 | D:11     | Noticed a tengu warrior
 13909 | D:11     | Noticed a boulder beetle
 13932 | D:11     | Killed a tengu warrior
 13962 | D:11     | Killed a boulder beetle
 13982 | D:11     | Reached skill level 15 in Maces & Flails
 14060 | D:11     | Noticed Erolcha
 14073 | D:11     | Cast into level 2 of the Abyss (Erolcha)
 14100 | Abyss:2  | Noticed a large abomination
 14118 | Abyss:2  | Found a corrupted altar of Lugonu.
 14135 | Abyss:2  | Noticed a wretched star
 14137 | Abyss:2  | Found a hazy altar of Hepliaklqana.
 14247 | Abyss:2  | Noticed a wretched star
 14323 | Abyss:2  | Noticed a wretched star
 14340 | Abyss:2  | Killed from afar by a wretched star

Illustrated notes

Levels and vault maps discovered:
D:1:      psy_arrival_dodecagon, layout_basic, minmay_misc_feat_tiny
D:2:      layout_basic
D:3:      layout_loops_corners, eat_drink_and_be_merry_uskayaw,
          wander_ebering_terrifying_dragon_lair
D:4:      wander_river, layout_cave_pools, minmay_temple_entry_mist
D:5:      layout_loops_ring, gammafunk_ghost_nasty_kobolds, nrook_uturn,
          uniq_sigmund
D:6:      minmay_octagon_keep, layout_basic
D:7:      layout_cave_pods, zin_angel
D:8:      layout_cave_pools, mainiacjoe_overflow_alcove_1,
          hangedman_decor_diamond_cutter, minmay_checkerbox, uniq_erica
D:9:      layout_basic, mainiacjoe_overflow_brackets, bloody_trog,
          minmay_orc_entry_temple_small, serial_shops,
          nicolae_shop_temple_entry_statues_fountains, special_room
          [special_room_bee], serial_bayou, serial_bayou_ford_a,
          serial_bayou_pond_c, serial_bayou_pond_d, serial_bayou_pond_b,
          uniq_prince_ribbit1
D:10:     layout_gridville, elyvilon_altar_4, okawaru_altar_gauntlet_db,
          due_lair_maze_entry_diamond, enter_bailey_8, minivault_20
D:11:     minmay_angry_zag, layout_cave_pools, uniq_erolcha
Temple:   regret_index_temple_waves
Abyss:2:  base: D:4, hangedman_abyss_or_decor_stabs, hangedman_abyss_mock_shop,
          evilmike_abyss_exit_4

Skill      XL: |  1  2  3  4  5  6  7  8  9 10 11 12 |
---------------+-------------------------------------+-----
Shields        | 1 2 3 4 |  4.0
Maces & Flails | 4 6 8 10 12 13 15 | 15.8
Fighting       | 6 9 10 | 10.5
Armour         | 4 7 |  7.0
Translocations | 4 5 |  5.2
Dodging        | |  2.6
Stealth        | |  2.5

Action                   |  1- 3 |  4- 6 |  7- 9 | 10-12 || total
-------------------------+-------+-------+-------+-------++-------
Melee: Mace              |    36 |       |       |       ||    36
       Whip              |   101 |   130 |   311 |   183 ||   725
       Morningstar       |       |       |       |   459 ||   459
Invok: Potion Petition   |       |       |       |     2 ||     2
Evoke: Wand              |       |       |     3 |       ||     3
       Phial of floods   |       |       |     1 |     1 ||     2
       Condenser vane    |       |       |       |     1 ||     1
  Use: Scroll            |       |     4 |       |     7 ||    11
       Potion            |       |       |     3 |     2 ||     5
 Stab: Sleeping          |     4 |     5 |     2 |       ||    11
       Distracted        |       |       |       |     2 ||     2
Armor: Leather armour    |    46 |    26 |    13 |       ||    85
       Ring mail         |       |       |    54 |   233 ||   287
       Skin              |       |       |       |     3 ||     3
Dodge: Dodged            |    82 |    61 |   106 |   255 ||   504
Block: Buckler           |    18 |    18 |    40 |   108 ||   184
       Kite shield       |       |       |       |    80 ||    80
       Reflection        |       |       |       |     4 ||     4
